ITL
DETROIT X-WINGS @ HAVANA ROLLERS
04/30/2026
 
TOP OF THE 1ST
Detroit X-Wings batting - Pitching for Havana Rollers : RHP Tomás Molina
Pitching: RHP Tomás Molina
Batting: SHB Jaime Montés 0-0: Called Strike
0-1: Called Strike
0-2: Ball
1-2: Strikes out looking
Batting: SHB Felipe Detorres 0-0: Called Strike
0-1: Ball
1-1: Ball
2-1: Ball
3-1: Called Strike
3-2: Strikes out swinging
Batting: RHB Diego Ocampo 0-0: Ball
1-0: Ball
2-0: Foul Ball, location: 2F
2-1: Ball
3-1: Foul Ball, location: 2F
3-2: Foul Ball, location: 2F
3-2: Strikes out swinging
Top of the 1st over - 0 run(s), 0 hit(s), 0 error(s), 0 left on base; Detroit 0 - Havana 0
BOTTOM OF THE 1ST
Havana Rollers batting - Pitching for Detroit X-Wings : LHP Clarence Skerratt
Pitching: LHP Clarence Skerratt
Batting: LHB Jimmy Husted 0-0: Ball
1-0: Swinging Strike
1-1: Ball
2-1: Called Strike
2-2: Strikes out swinging
Batting: LHB Enrique Cortéz 0-0: Ball
1-0: Ball
2-0: Ball
3-0: Called Strike
3-1: Base on Balls
Batting: RHB Ed Sims 0-0: Foul Ball, location: 2F
0-1: Ball
1-1: Called Strike
1-2: Ball
2-2: Strikes out swinging
Batting: SHB Chris Bennis 0-0: Called Strike
0-1: Ball
1-1: Ball
2-1: Foul Ball, location: 2F
2-2: Foul Ball, location: 2F
2-2: Fly out, F9 (Flyball, 9D)
Bottom of the 1st over - 0 run(s), 0 hit(s), 0 error(s), 1 left on base; Detroit 0 - Havana 0
TOP OF THE 2ND
Detroit X-Wings batting - Pitching for Havana Rollers : RHP Tomás Molina
Batting: LHB Juan Jose Pineda 0-0: Ball
1-0: Fly out, F4 (Line Drive, 4)
Batting: SHB Javier Jiménez 0-0: Foul Ball, location: 2F
0-1: Called Strike
0-2: Ball
1-2: Strikes out swinging
Batting: RHB Yoshitsune Kamida 0-0: Swinging Strike
0-1: Swinging Strike
0-2: Foul Ball, location: 2F
0-2: Ball
1-2: DOUBLE (Groundball, 3L)
Batting: LHB Gonzalo Trujillo 0-0: Swinging Strike
0-1: Swinging Strike
0-2: Strikes out swinging
Top of the 2nd over - 0 run(s), 1 hit(s), 0 error(s), 1 left on base; Detroit 0 - Havana 0
BOTTOM OF THE 2ND
Havana Rollers batting - Pitching for Detroit X-Wings : LHP Clarence Skerratt
Batting: RHB Salvador Borbón 0-0: Foul Ball, location: 2F
0-1: Ball
1-1: Foul Ball, location: 2F
1-2: Foul Ball, location: 2F
1-2: Ball
2-2: Fly out, F2 (Popup, 2LF)
Batting: RHB Yaichiro Sugahara 0-0: Called Strike
0-1: Swinging Strike
0-2: Ball
1-2: Foul Ball, location: 2F
1-2: Ball
2-2: Ball
3-2: Base on Balls
Batting: RHB Paul Bailey 0-0: Grounds into double play, 4-6-3 (Groundball, 34)
Bottom of the 2nd over - 0 run(s), 0 hit(s), 0 error(s), 0 left on base; Detroit 0 - Havana 0
TOP OF THE 3RD
Detroit X-Wings batting - Pitching for Havana Rollers : RHP Tomás Molina
Batting: RHB Gary Witt 0-0: Called Strike
0-1: Foul Ball, location: 2F
0-2: Ground out 5-3 (Groundball, 56)
Batting: RHB Vincente Encarnación 0-0: Called Strike
0-1: Foul Ball, location: 2F
0-2: Strikes out looking
Batting: SHB Jaime Montés 0-0: Foul Ball, location: 2F
0-1: Foul Ball, location: 2F
0-2: Ball
1-2: Ball
2-2: Strikes out swinging
Top of the 3rd over - 0 run(s), 0 hit(s), 0 error(s), 0 left on base; Detroit 0 - Havana 0
BOTTOM OF THE 3RD
Havana Rollers batting - Pitching for Detroit X-Wings : LHP Clarence Skerratt
Batting: LHB José Torres 0-0: Ball
1-0: Ball
2-0: Ball
3-0: Called Strike
3-1: Base on Balls
Batting: LHB Noriaki Oshima 0-0: Fielders Choice at 2nd, 1-4 (Groundball, 23)
Batting: LHB Jimmy Husted 0-0: Ball
1-0: Ball
2-0: Fly out, F7 (Flyball, 7M)
Batting: LHB Enrique Cortéz 0-0: Called Strike
0-1: Ball
1-1: Ball
2-1: Ball
3-1: Swinging Strike
3-2: SINGLE (Line Drive, 6D)
Noriaki Oshima to second
Noriaki Oshima to third
Batting: RHB Ed Sims 0-0: Ball
1-0: Swinging Strike
1-1: Foul Ball, location: 2F
1-2: Ball
2-2: Foul Ball, location: 2F
2-2: Ball
3-2: Base on Balls
Enrique Cortéz to second
Batting: SHB Chris Bennis 0-0: Ball
1-0: Foul Ball, location: 2F
1-1: Fly out, F4 (Popup, 3D)
Bottom of the 3rd over - 0 run(s), 1 hit(s), 0 error(s), 3 left on base; Detroit 0 - Havana 0
TOP OF THE 4TH
Detroit X-Wings batting - Pitching for Havana Rollers : RHP Tomás Molina
Batting: SHB Felipe Detorres 0-0: Ball
1-0: Foul Ball, location: 2F
1-1: Called Strike
1-2: Ball
2-2: Ball
3-2: Base on Balls
Batting: RHB Diego Ocampo 0-0: Ball
1-0: Called Strike
1-1: Ball
2-1: Foul Ball, location: 2F
2-2: Strikes out swinging
Batting: LHB Juan Jose Pineda 0-0: Foul Ball, location: 2F
0-1: Ball
1-1: Fly out, F7 (Flyball, 7LM)
Batting: SHB Javier Jiménez 0-0: Ball
1-0: Foul Ball, location: 2F
1-1: Ball
2-1: Foul Ball, location: 2F
2-2: Foul Ball, location: 2F
2-2: Ground out 1-3 (Groundball, 15)
Top of the 4th over - 0 run(s), 0 hit(s), 0 error(s), 1 left on base; Detroit 0 - Havana 0
BOTTOM OF THE 4TH
Havana Rollers batting - Pitching for Detroit X-Wings : LHP Clarence Skerratt
Batting: RHB Salvador Borbón 0-0: Ball
1-0: Called Strike
1-1: Ball
2-1: Ball
3-1: Swinging Strike
3-2: Base on Balls
Batting: RHB Yaichiro Sugahara 0-0: Ball
1-0: Called Strike
1-1: Grounds into double play, 5-4-3 (Groundball, 5)
Batting: RHB Paul Bailey 0-0: Ball
1-0: SINGLE (Line Drive, 89M)
Batting: LHB José Torres 0-0: Ball
1-0: Ground out 4-3 (Groundball, 34)
Bottom of the 4th over - 0 run(s), 1 hit(s), 0 error(s), 1 left on base; Detroit 0 - Havana 0
TOP OF THE 5TH
Detroit X-Wings batting - Pitching for Havana Rollers : RHP Tomás Molina
Batting: RHB Yoshitsune Kamida 0-0: Ball
1-0: Ball
2-0: Called Strike
2-1: Called Strike
2-2: Ground out 4-3 (Groundball, 4M)
Batting: LHB Gonzalo Trujillo 0-0: Ball
1-0: Foul Ball, location: 2F
1-1: Ball
2-1: Ball
3-1: Base on Balls
Batting: RHB Gary Witt 0-0: Ball
1-0: Ball
2-0: Called Strike
2-1: Hit by Pitch
Gonzalo Trujillo to second
Batting: RHB Vincente Encarnación 0-0: Fly out, F2 (Popup, 2RF)
Batting: SHB Jaime Montés 0-0: Ball
1-0: Foul Ball, location: 2F
1-1: Fly out, F9 (Flyball, 9M)
Top of the 5th over - 0 run(s), 0 hit(s), 0 error(s), 2 left on base; Detroit 0 - Havana 0
BOTTOM OF THE 5TH
Havana Rollers batting - Pitching for Detroit X-Wings : LHP Clarence Skerratt
Batting: LHB Noriaki Oshima 0-0: Called Strike
0-1: Ball
1-1: Swinging Strike
1-2: Strikes out looking
Batting: LHB Jimmy Husted 0-0: Called Strike
0-1: Ball
1-1: Called Strike
1-2: Foul Ball, location: 2F
1-2: TRIPLE (Flyball, 78XD)
Pitching: RHP Don Brown
Batting: LHB Enrique Cortéz 0-0: Intentional Walk
Batting: RHB Ed Sims 0-0: Called Strike
Enrique Cortéz steals 2nd base
0-1: Foul Ball, location: 2F
0-2: Foul Ball, location: 2F
0-2: Ball
1-2: Ball
2-2: SINGLE (Line Drive, 89S)
Jimmy Husted scores
Enrique Cortéz to third
Runner from 3rd tries for Home, throw and OUT!
Ed Sims to second
Batting: SHB Chris Bennis 0-0: Ball
1-0: Called Strike
1-1: Ball
2-1: Foul Ball, location: 2F
2-2: Ball
3-2: Base on Balls
Batting: RHB Salvador Borbón 0-0: Called Strike
0-1: Foul Ball, location: 2F
0-2: Ball
1-2: Ball
2-2: Ball
3-2: Ground out 6-3 (Groundball, 6M)
Bottom of the 5th over - 1 run(s), 2 hit(s), 0 error(s), 2 left on base; Detroit 0 - Havana 1
TOP OF THE 6TH
Detroit X-Wings batting - Pitching for Havana Rollers : RHP Tomás Molina
Batting: SHB Felipe Detorres 0-0: Called Strike
0-1: Ball
1-1: Ground out 5-3 (Groundball, 56)
Batting: RHB Diego Ocampo 0-0: Called Strike
0-1: Ball
1-1: Foul Ball, location: 2F
1-2: Strikes out swinging
Batting: LHB Juan Jose Pineda 0-0: Ball
1-0: Ball
2-0: Called Strike
2-1: Ball
3-1: Base on Balls
Batting: SHB Javier Jiménez 0-0: Ball
1-0: Called Strike
1-1: Called Strike
Juan Jose Pineda steals 2nd base
1-2: Strikes out swinging
Top of the 6th over - 0 run(s), 0 hit(s), 0 error(s), 1 left on base; Detroit 0 - Havana 1
BOTTOM OF THE 6TH
Havana Rollers batting - Pitching for Detroit X-Wings : RHP Don Brown
Batting: RHB Yaichiro Sugahara 0-0: Called Strike
0-1: Ball
1-1: Ball
2-1: Foul Ball, location: 2F
2-2: Ball
3-2: Foul Ball, location: 2F
3-2: Base on Balls
Batting: RHB Paul Bailey 0-0: Called Strike
0-1: Called Strike
0-2: Grounds into double play, 6-4-3 (Groundball, 56)
Batting: LHB José Torres 0-0: Called Strike
0-1: Foul Ball, location: 2F
0-2: Foul Ball, location: 2F
0-2: Ball
1-2: Foul Ball, location: 2F
1-2: Foul Ball, location: 2F
1-2: Foul Ball, location: 2F
1-2: Ball
2-2: Foul Ball, location: 2F
2-2: Strikes out swinging
Bottom of the 6th over - 0 run(s), 0 hit(s), 0 error(s), 0 left on base; Detroit 0 - Havana 1
TOP OF THE 7TH
Detroit X-Wings batting - Pitching for Havana Rollers : RHP Tomás Molina
Batting: RHB Yoshitsune Kamida 0-0: Called Strike
0-1: Foul Ball, location: 2F
0-2: Fly out, F4 (Line Drive, 4)
Batting: LHB Gonzalo Trujillo 0-0: Ground out 1-3 (Groundball, 15)
Batting: RHB Gary Witt 0-0: Swinging Strike
0-1: Ball
1-1: Foul Ball, location: 2F
1-2: Strikes out swinging
Top of the 7th over - 0 run(s), 0 hit(s), 0 error(s), 0 left on base; Detroit 0 - Havana 1
BOTTOM OF THE 7TH
Havana Rollers batting - Pitching for Detroit X-Wings : RHP Don Brown
Batting: LHB Noriaki Oshima 0-0: Ball
1-0: Swinging Strike
1-1: Ball
2-1: Foul Ball, location: 2F
2-2: Strikes out swinging
Pitching: RHP Gabriel Ruíz
Batting: LHB Jimmy Husted 0-0: Called Strike
0-1: Called Strike
0-2: Strikes out swinging
Batting: LHB Enrique Cortéz 0-0: Ball
1-0: Fly out, F5 (Popup, 5F)
Bottom of the 7th over - 0 run(s), 0 hit(s), 0 error(s), 0 left on base; Detroit 0 - Havana 1
TOP OF THE 8TH
Detroit X-Wings batting - Pitching for Havana Rollers : RHP Tomás Molina
Pitching: RHP Alejandro Pérez
Batting: RHB Vincente Encarnación 0-0: Foul Ball, location: 2F
0-1: SOLO HOME RUN (Flyball, 7D), Distance : 374 ft
Batting: SHB Jaime Montés 0-0: Ball
1-0: Ball
2-0: Ball
3-0: Called Strike
3-1: Fly out, F9 (Flyball, 9M)
Batting: SHB Felipe Detorres 0-0: Ball
1-0: Called Strike
1-1: Ball
2-1: Foul Ball, location: 2F
2-2: Foul Ball, location: 2F
2-2: SINGLE (Groundball, 4M)
Batting: RHB Diego Ocampo 0-0: Called Strike
0-1: Ball
1-1: Called Strike
1-2: Strikes out swinging
Batting: LHB Juan Jose Pineda 0-0: Called Strike
0-1: Ground out 3-1 (Groundball, 34S)
Top of the 8th over - 1 run(s), 2 hit(s), 0 error(s), 1 left on base; Detroit 1 - Havana 1
BOTTOM OF THE 8TH
Havana Rollers batting - Pitching for Detroit X-Wings : RHP Gabriel Ruíz
Pinch Hitting: SHB Pepe Pińa 0-0: Called Strike
0-1: Called Strike
0-2: Ball
1-2: Foul Ball, location: 2F
1-2: Strikes out swinging
Batting: SHB Chris Bennis 0-0: Called Strike
0-1: Ball
1-1: Foul Ball, location: 2F
1-2: Ball
2-2: Ball
3-2: Base on Balls
Batting: RHB Salvador Borbón 0-0: Ball
1-0: Ball
2-0: Called Strike
2-1: Ball
3-1: Swinging Strike
3-2: Strikes out looking
Batting: RHB Yaichiro Sugahara 0-0: Ball
1-0: Swinging Strike
1-1: Called Strike
1-2: SINGLE (Groundball, 6MS) (infield hit)
Chris Bennis to second
Batting: RHB Paul Bailey 0-0: Ball
1-0: Ball
2-0: SINGLE (Groundball, 6)
Chris Bennis to third
Yaichiro Sugahara to second
Runner from 3rd tries for Home, SAFE, no throw or cutoff
Pinch Hitting: RHB Jack Bailey 0-0: Called Strike
0-1: SINGLE (Groundball, 34)
Yaichiro Sugahara to third
Paul Bailey to second
Runner from 3rd tries for Home, SAFE, throw made at trailing runner, SAFE at third!
Batting: LHB Noriaki Oshima 0-0: Swinging Strike
0-1: Ball
1-1: Ball
2-1: Foul Ball, location: 2F
2-2: Ball
Jack Bailey steals 2nd base
3-2: TRIPLE (Flyball, 89XD)
Paul Bailey scores
Jack Bailey scores
Pitching: RHP John Thompson
Batting: LHB Jimmy Husted 0-0: Ball
1-0: Foul Ball, location: 2F
1-1: Ball
2-1: Ball
3-1: Foul Ball, location: 2F
3-2: Base on Balls
Batting: LHB Enrique Cortéz 0-0: Ball
1-0: Foul Ball, location: 2F
1-1: Ball
2-1: Swinging Strike
2-2: Strikes out swinging
Bottom of the 8th over - 4 run(s), 4 hit(s), 0 error(s), 2 left on base; Detroit 1 - Havana 5
TOP OF THE 9TH
Detroit X-Wings batting - Pitching for Havana Rollers : RHP Alejandro Pérez
Pitching: RHP Augusto Muńíz
Now at 2B: Gyu-sik Yi
Now in LF: Jack Bailey
Batting: SHB Javier Jiménez 0-0: Called Strike
0-1: Ball
1-1: Foul Ball, location: 2F
1-2: Ball
2-2: Ball
3-2: Foul Ball, location: 2F
3-2: Strikes out swinging
Batting: RHB Yoshitsune Kamida 0-0: Called Strike
0-1: Foul Ball, location: 2F
0-2: Strikes out swinging
Batting: LHB Gonzalo Trujillo 0-0: Ball
1-0: Swinging Strike
1-1: Swinging Strike
1-2: Foul Ball, location: 2F
1-2: Ball
2-2: Ball
3-2: Strikes out looking
Top of the 9th over - 0 run(s), 0 hit(s), 0 error(s), 0 left on base; Detroit 1 - Havana 5
Monday, December 5th, 2016 - OOTP Baseball 17.12 Build 75